 Dungeon Crawl Stone Soup version 0.31-a0-369-g8eba5f6939 (webtiles) character file.

Game seed: 6414189305383968830

1324 floatRand the Grappler (level 8, 0/59 HPs)
             Began as a Purple Draconian Shapeshifter on July 29, 2023.
             Was an Initiate of Wu Jian.
             Slain by a yak (15 damage)
             ... on level 6 of the Dungeon.
             The game lasted 00:04:57 (4814 turns).

floatRand the Grappler (DrSh)                       Turns: 4814, Time: 00:04:57

Health: 0/59       AC:  6    Str: 18    XL:     8   Next: 33%
Magic:  8/8        EV: 12    Int:  9    God:    Wu Jian [......]
Gold:   344        SH:  0    Dex: 13    Spells: 7/7 levels left

rFire   . .          .
                       - Unarmed
rCold   . . .        (no shield)
rNeg    . . .        (body armour unavailable)
rPois   .            (helmet currently unavailable)
rElec   .            (cloak currently unavailable)
rCorr   .            (gloves currently unavailable)
SInv    +            (boots currently unavailable)
Will    +....        (no amulet)
Stlth   +            i - ring of see invisible
HPRegen 0.29/turn    (no ring)
MPRegen 0.11/turn

%: no passive effects
@: beast-form
A: beast (slay +4), breathe power, AC +6, unfitting armour, cold-blooded
a: Breathe Dispelling Energy, Begin Untransformation, Renounce Religion


You were on level 6 of the Dungeon.
You worshipped Wu Jian.
Wu Jian was noncommittal.
You were a hulking beast.
You visited 2 branches of the dungeon, and saw 8 of its levels.

You collected 344 gold pieces.

Inventory:

Missiles
 g - a throwing net
Jewellery
 i - a ring of see invisible (left hand)
 o - a ring of fire
 r - a ring of magical power
Talismans
 b - a beast talisman
 j - a maw talisman
Wands
 s - a wand of roots (9)
 w - a wand of mindburst (15)
 y - a wand of paralysis (8)
Scrolls
 e - a scroll of teleportation
 f - a scroll of enchant armour
 h - a scroll of enchant weapon
 q - a scroll of amnesia
 t - 2 scrolls of immolation
Potions
 a - a potion of lignification
 c - 4 potions of curing
 d - 3 potions of mutation
 k - a potion of heal wounds {unknown}
 l - 2 potions of haste {unknown}
 m - 3 potions of might {unknown}
 p - 2 potions of resistance {unknown}
 u - 2 potions of berserk rage {unknown}
 v - 3 potions of enlightenment {unknown}
 x - a potion of cancellation {unknown}


   Skills:
 - Level 1.1 Fighting
 - Level 1.7 Dodging
 * Level 8.9 Unarmed Combat
 + Level 5.7 Shapeshifting


You had 7 spell levels left.
You didn't know any spells.
Your spell library contained the following spells:

 Spells                   Type           Power      Damage    Failure   Level
 Foxfire                  Conj/Fire      0%         2x1d4     38%         1
 Freeze                   Ice            0%         1d3       38%         1
 Frozen Ramparts          Ice            0%         1d1       77%         3
 Hailstorm                Conj/Ice       0%         3d3       77%         3
 Stone Arrow              Conj/Erth      0%         3d7       77%         3
 Petrify                  Tmut/Erth      0%         N/A       99%         4
 Alistair's Intoxication  Tmut/Pois      0%         N/A       100%        5
 Plasma Beam              Fire/Air       0%         2x1d10    100%        6
 Starburst                Conj/Fire      0%         6d3       100%        6
 Lehudib's Crystal Spear  Conj/Erth      0%         10d2      100%        8
 Chain Lightning          Conj/Air       0%         N/A       100%        9
 Fire Storm               Conj/Fire      0%         5d1       100%        9
 Shatter                  Erth           0%         3d5*      100%        9
 Animate Armour           Summ/Erth      Unusable   N/A       N/A         4

Dungeon Overview and Level Annotations

Branches:
Dungeon (7/15)             Temple (1/1) D:6

Altars:
Ashenzari
Cheibriados
Dithmenos
Fedhas
Hepliaklqana
Kikubaaqudgha
Makhleb
Nemelex Xobeh
Okawaru
Qazlal
Ru
Uskayaw
Wu Jian
Yredelemnul
Zin
The Shining One

Annotations:
D:3 1 runed translucent door, Dirtsage's ghost, amateur OpSh


Innate Abilities, Weirdness & Mutations

You are a hulking beast.
Your limbs bulge with bestial killing power. (Slay +4)
You can breathe bolts of dispelling energy.
Your rich purple scales are hard. (AC +6)
You cannot fit into any form of body armour.
You are cold-blooded and may be slowed by cold attacks.


Message History

You climb upwards.
There is a stone staircase leading down here.
Unknown command.
Unknown command.
You hit the yak.
You tail-slap the yak, but do no damage.
The yak is lightly wounded.
Unknown command.
The yak barely misses you. The yak attacks as you move away! The yak gores you!
The yak gores you but does no damage. The yak completely misses you.
The yak attacks as you move away! The yak barely misses you.
Unknown command.
You hit the yak.
The yak is lightly wounded.
The yak gores you but does no damage.
You hit the yak.
The yak is moderately wounded.
The yak gores you.
You punch the yak!
The yak is heavily wounded.
The yak completely misses you.
You hit the yak but do no damage.
The yak is heavily wounded.
The yak misses you.
You punch the yak!
The yak is severely wounded.
The yak gores you.
You punch the yak!
You kill the yak!
The Council accepts your kill.
You lunge at the yak.
You punch the yak!
The yak is lightly wounded.
The yak gores you!
* * * LOW HITPOINT WARNING * * *
You hit the yak. You punch the yak.
The yak is moderately wounded.
The yak gores you!
You die...

.#####.......<.....#.##.#####.#.#
##############.....#....###.#.#.#
.............#######..#.#...#...#
.....°....°○.### ###..#.#.#.###.#
.............#.###...##.#.#.#.#.#
..........○..#.......##.#.#.#....
.............#.>...####.#.#.#..##
.............#..#######..........
.............8.Yh................
................#######..........
.............8#.#...........#####
.............##.#.#..#.##.#.# #
.............##.#....#.##.#.# #
...○....°....##.##...#....#.# #
....○...○....#.......####.#.# #
.......°°....##...........#.# #
°...○..○.....##..#...#.>....#####


You could see a yak.

Vanquished Creatures
  A yak (D:6)
  An ice beast (D:5)
  2 black bears (D:6)
  A sky beast (D:6)
  An ogre (D:5)
  A bullfrog (D:6)
  A scorpion (D:5)
  A howler monkey (D:5)
  A vampire bat (D:5)
  4 hounds
  A jelly (D:4)
  3 orc priests
  A sleepcap (D:6)
  2 iguanas
  An orc wizard (D:5)
  7 adders
  2 white imps
  4 ufetubi
  A worm (D:5)
  3 dart slugs
  11 orcs
  8 ball pythons
  5 bats
  A bat skeleton (D:5)
  3 bat zombies (D:5)
  4 endoplasms
  2 giant cockroaches
  10 hobgoblins
  5 jackals
  7 kobolds
  5 quokkas
  2 frilled lizards
  5 goblins
  3 rats
110 creatures vanquished.

Notes
Turn   | Place    | Note
-------+----------+-------------------------------------------
     0 | D:1      | floatRand the Draconian Shapeshifter began the quest for
                  | the Orb.
     0 | D:1      | Reached XP level 1. HP: 16/16 MP: 1/1
   122 | D:1      | Reached XP level 2. HP: 23/23 MP: 2/2
   282 | D:1      | Found a faded altar of an unknown god.
   583 | D:2      | Reached XP level 3. HP: 28/28 MP: 3/3
   728 | D:2      | Reached skill level 4 in Unarmed Combat
  1219 | D:3      | Reached XP level 4. HP: 35/35 MP: 4/4
  1301 | D:3      | Found a stormy altar of Qazlal.
  1447 | D:3      | Found a runed translucent door.
  1451 | D:3      | Noticed Dirtsage's ghost (amateur OpSh)
  2126 | D:4      | Reached skill level 5 in Unarmed Combat
  2128 | D:4      | Reached XP level 5. HP: 38/40 MP: 5/5
  2534 | D:5      | Entered Level 5 of the Dungeon
  2573 | D:5      | Noticed an ogre
  2735 | D:5      | Reached XP level 6. HP: 30/47 MP: 6/6
  2775 | D:5      | Reached skill level 6 in Unarmed Combat
  2998 | D:5      | Found a snail-covered altar of Cheibriados.
  3029 | D:5      | Noticed an ice beast
  3036 | D:5      | Killed an ice beast
  3037 | D:5      | Your scales start taking on a rich purple colour.
  3037 | D:5      | Reached XP level 7. HP: 25/52 MP: 7/7
  3184 | D:5      | Reached skill level 7 in Unarmed Combat
  3527 | D:5      | Found an ancient bone altar of Kikubaaqudgha.
  3700 | D:6      | Reached skill level 5 in Shapeshifting
  3805 | D:6      | Got the Incunable of Solid Composition
  4065 | D:6      | Found a staircase to the Ecumenical Temple.
  4074 | Temple   | Entered the Ecumenical Temple
  4082 | Temple   | Became a worshipper of the Wu Jian Council
  4139 | D:6      | Reached skill level 8 in Unarmed Combat
  4139 | D:6      | Reached XP level 8. HP: 59/59 MP: 8/8
  4814 | D:6      | Slain by a yak

Illustrated notes

Levels and vault maps discovered:
D:1:      grunt_arrival_lava_bath, layout_basic, basic_ecumenical_altar,
          minmay_distorted
D:2:      layout_rooms
D:3:      layout_basic, grunt_qazlal_sundering, ebering_ghost_reflecting_pool,
          grunt_decor_resistance
D:4:      layout_basic, minmay_misc_feat_x, dk_vineyard_3
D:5:      layout_rooms, kennysheep_vampire_church, cheibrodos_worm_habitat
D:6:      layout_basic, lemuel_temple_firewalk_b, nicolae_titane
D:7:      kb_forest_paths, layout_loops_ring, gammafunk_ghost_berserking_beasts,
          minivault_4, palyth_stone_intersect, hangedman_feature_mirror,
          hangedman_misty_isle, uniq_pikel
Temple:   nicolae_temple_bog_church

Skill      XL: |  1  2  3  4  5  6  7 |
---------------+----------------------+-----
Unarmed Combat | 4 5 6 8 |  8.9
Shapeshifting  | 4 5 |  5.7
Fighting       | |  1.1
Dodging        | |  1.7

Action                     |  1- 3 |  4- 6 |  7- 9 || total
---------------------------+-------+-------+-------++-------
  Melee: Unarmed           |   114 |   106 |   109 ||   329
         Tailslap          |    10 |    10 |    19 ||    39
         Punch             |     1 |     2 |     3 ||     6
Ability: Lunge             |       |       |     2 ||     2
  Evoke: Wand              |       |     3 |       ||     3
    Use: Potion            |       |     1 |       ||     1
         Scroll            |       |       |    11 ||    11
 Armour: Skin              |    38 |    46 |    42 ||   126
  Dodge: Dodged            |    87 |    48 |    83 ||   218

Table legend: (Time is in decaauts)
 A = Elapsed time spent in this place.
 B = Non-inter-level travel time spent in this place.
 C = Inter-level travel time spent in this place.
 D = Time resting spent in this place.
 E = Time spent auto-exploring this place.
 F = Levels seen in this place.
 G = Mean time per level.
                   A        B        C        D        E       F      G
               +--------+--------+--------+--------+--------+-----+--------+
         Total |   4797 |   4640 |    157 |    659 |   2981 |   8 |  599.6 |
       Dungeon |   4781 |   4631 |    150 |    659 |   2981 |   7 |  683.0 |
        Temple |     16 |      9 |      7 |      0 |      0 |   1 |   16.0 |
               +--------+--------+--------+--------+--------+-----+--------+

Top non-repeatable levels by time:
     D:6: 1130 daAuts
     D:5: 1126 daAuts
     D:3: 922 daAuts
     D:4: 600 daAuts
     D:1: 572 daAuts
     D:2: 427 daAuts
  Temple: 16 daAuts
     D:7: 1 daAuts
